 Dungeon Crawl Stone Soup version 0.30-a0-1093-gcfb1e0cf12 (webtiles) character file.

Game seed: 5043328530188327617

432 KristoblXynda the Sneak (level 6, -3/47 HPs)
             Began as a Vampire Brigand on Apr 17, 2023.
             Killed from afar by an electric eel (12 damage)
             ... with a bolt of electricity
             ... on level 5 of the Dungeon.
             The game lasted 00:05:42 (2965 turns).

KristoblXynda the Sneak (Vampire Brigand)           Turns: 2965, Time: 00:05:43

Health: -3/47      AC:  8    Str: 18    XL:     6   Next: 67%
Magic:  6/6        EV: 14    Int: 17    God:
Gold:   36         SH:  0    Dex: 22    Spells: 5/5 levels left

rFire   . . .      SeeInvis +    a - +2 dagger (drain)
rCold   x . .      Faith    .    (no shield)
rNeg    . . .      Spirit   .    m - +4 robe of the Puckish Robin {rC- Int+4}
rPois   .          Reflect  .    (no helmet)
rElec   .          Rampage  .    q - +1 cloak {Stlth+}
rCorr   .                        (no gloves)
Will    .....                    (no boots)
Stlth   +++                      (no amulet)
HPRegen 0.47/turn                c - +6 ring of dexterity
MPRegen 0.10/turn                b - +6 ring of strength

@: healing quickly, very slow
A: alive, fangs 3, see invisible, vampiric 2
a: Exsanguinate


You were on level 5 of the Dungeon.
You visited 1 branch of the dungeon, and saw 5 of its levels.

You collected 174 gold pieces.
You spent 138 gold pieces at shops.

Inventory:

Hand Weapons
 a - a +2 dagger of draining (weapon)
Missiles
 e - 3 curare-tipped darts (quivered)
 o - 11 poisoned darts
Armour
 m - the +4 robe of the Puckish Robin (worn) {rC- Int+4}
   (You found it on level 4 of the Dungeon)

   Int:       It affects your intelligence (+4).
   rC:        It makes you vulnerable to cold.
 q - a +1 cloak of stealth (worn)
Jewellery
 b - a +6 ring of strength (right hand)
 c - a +6 ring of dexterity (left hand)
 g - a ring of resist corrosion
 i - a ring of magical power
Wands
 d - a wand of flame (18)
Scrolls
 f - a scroll of identify
 n - a scroll of enchant weapon {unknown}
 p - a scroll of fear
Potions
 h - a potion of heal wounds
 k - a potion of berserk rage
 l - a potion of cancellation


   Skills:
 + Level 3.4 Fighting
 + Level 4.2 Short Blades
 + Level 2.1 Throwing
 + Level 3.7 Dodging
 + Level 7.8 Stealth


You had 5 spell levels left.
You didn't know any spells.
Your spell library contained the following spells:

 Spells                   Type           Power      Damage    Failure   Level
 Lesser Beckoning         Tloc           0%         N/A       34%         2
 Gell's Gravitas          Tloc           0%         N/A       56%         3
 Teleport Other           Tloc           0%         N/A       56%         3


Dungeon Overview and Level Annotations

Branches:
Dungeon (5/15)
 Temple: D:4-7

Altars:
Wu Jian

Shops:
D:4 ([**


Innate Abilities, Weirdness & Mutations

Your natural rate of healing is accelerated.
You have razor-sharp teeth.
You have supernaturally acute eyesight. (SInv)
You are afflicted with vampirism and can become a bat while bloodless.


Message History

You enter the transporter and appear at another place.
Found a scroll labelled XAEHAU ZORY.
d - a wand of flame (19)
You hit the plant.
The plant begins to die.
The plant is lightly damaged.
You hit the plant.
The plant is lightly damaged.
You hit the plant.
The plant begins to die.
You drain the plant. You bite the plant!
The plant is lightly damaged.
A nearby plant withers and dies.
Unknown command.
You open the door.
Aiming: Throw Flame
Press: ? - help, Shift-Dir - straight line, f - electric eel
Aim: an electric eel (48% to hit)
The puff of flame hits the electric eel.
The electric eel is moderately wounded.
The electric eel is engulfed in a cloud of scalding steam.
Unknown command.
Unknown command.
As you close the door, it creaks loudly!
A nearby plant withers and dies.
The electric eel is engulfed in a cloud of scalding steam.
You start waiting.
The electric eel is engulfed in a cloud of scalding steam.
You kill the electric eel!
You hear a splash.
You open the door.
The electric eel shoots out a bolt of lightning at you!
The bolt of electricity hits you! x2
The electric eel shoots out a bolt of lightning at you!
The bolt of electricity hits you!
You enter the shallow water.
Moving in this stuff is going to be slow.
The electric eel shoots out a bolt of lightning at you!
The bolt of electricity hits you!
* * * LOW HITPOINT WARNING * * *
The bolt of electricity hits you!
You die...

#.#~...~# #.#~...~#?#
#.#~...~#.# #.#~.⌠.~#.#
#.#~...~#.# #.#S...~#.#
#.#.#S...†#.# #######
#.#.###'###.# #.....#
#.#)#~...@#.####.###.#
#.#.#8.©.8#.#.....<#.#
#.#.#######.#.##...#.#
#.#....©....#......#.#
#.####...###########.##
#.####..##............#
#..........############
############


You could see 2 electric eels.

Vanquished Creatures
  2 phantoms
  An electric eel (D:5)
  A gnoll bouda (D:3)
  An iguana (D:4)
  6 gnolls
  5 adders
  3 worms
  A dart slug (D:2)
  An orc (D:3)
  6 ball pythons
  7 endoplasms
  4 giant cockroaches
  7 hobgoblins
  3 jackals (D:3)
  8 kobolds
  2 quokkas
  8 bats
  A frilled lizard (D:3)
  7 goblins
  5 rats
79 creatures vanquished.

Vanquished Creatures (others)
  2 plants (D:5)
2 creatures vanquished.

Grand Total: 81 creatures vanquished

Notes
Turn   | Place    | Note
-------+----------+-------------------------------------------
     0 | D:1      | KristoblXynda the Vampire Brigand began the quest for the
                  | Orb.
     0 | D:1      | Reached XP level 1. HP: 16/16 MP: 1/1
    69 | D:1      | Reached skill level 6 in Stealth
   109 | D:1      | Reached XP level 2. HP: 22/22 MP: 2/2
   817 | D:2      | Gained mutation: You are afflicted with vampirism and can
                  | become a bat while bloodless. [Vampire growth]
   817 | D:2      | Reached XP level 3. HP: 16/27 MP: 3/3
  1345 | D:2      | Reached XP level 4. HP: 34/34 MP: 4/4
  1809 | D:3      | Reached skill level 7 in Stealth
  1809 | D:3      | Reached XP level 5. HP: 35/40 MP: 5/5
  2544 | D:4      | Found an ornate altar of the Wu Jian Council.
  2586 | D:4      | Identified the +4 robe of the Puckish Robin {rC- Int+4}
  2684 | D:4      | Found Wick's General Store.
  2685 | D:4      | Found Bovvaalia's Assorted Antiques.
  2685 | D:4      | Found Hoqaoq's Armour Boutique.
  2685 | D:4      | Found Guecimoc's Weapon Shop.
  2690 | D:4      | Bought a scroll of identify for 52 gold pieces
  2690 | D:4      | Bought a scroll labelled IHOLIRPH ZOMPEU for 26 gold pieces
  2756 | D:4      | Noticed a phantom
  2762 | D:4      | Killed a phantom
  2763 | D:4      | Reached XP level 6. HP: 47/47 MP: 6/6
  2815 | D:4      | Bought a scroll of fear for 48 gold pieces
  2815 | D:4      | Bought a potion of degeneration for 12 gold pieces
  2866 | D:5      | Entered Level 5 of the Dungeon
  2891 | D:5      | Found a transporter.
  2965 | D:5      | Killed from afar by an electric eel

Illustrated notes

Levels and vault maps discovered:
D:1:      minmay_arrival_doors, layout_loops_cross, nicolae_eternal_life,
          nrook_mini_vaults
D:2:      layout_loops_ring
D:3:      layout_basic
D:4:      layout_gridville, lemuel_crystal_altar, nicolae_wooded_promenade
D:5:      gammafunk_steamed_eel, layout_basic, minmay_temple_entry_slanted

Skill      XL: |  1  2  3  4  5  6 |
---------------+-------------------+-----
Stealth        | 6 7 |  7.8
Fighting       | 2 3 |  3.4
Dodging        | 2 3 |  3.7
Short Blades   | 3 4 |  4.2
Throwing       | 2 |  2.1

Action                     |  1- 3 |  4- 6 || total
---------------------------+-------+-------++-------
  Melee: Dagger            |    98 |   120 ||   218
         Bite              |    10 |    16 ||    26
         Punch             |       |     2 ||     2
  Throw: Dart              |       |    14 ||    14
  Evoke: Wand              |       |     1 ||     1
    Use: Scroll            |       |     5 ||     5
         Potion            |       |     1 ||     1
   Stab: Sleeping          |    13 |    14 ||    27
         Distracted        |       |     1 ||     1
 Armour: Robe              |    20 |    24 ||    44
  Dodge: Dodged            |    49 |    74 ||   123

Table legend: (Time is in decaauts)
 A = Elapsed time spent in this place.
 B = Non-inter-level travel time spent in this place.
 C = Inter-level travel time spent in this place.
 D = Time resting spent in this place.
 E = Time spent auto-exploring this place.
 F = Levels seen in this place.
 G = Mean time per level.
                   A        B        C        D        E       F      G
               +--------+--------+--------+--------+--------+-----+--------+
         Total |   2934 |   2775 |    159 |    214 |   1882 |   5 |  586.8 |
       Dungeon |   2934 |   2775 |    159 |    214 |   1882 |   5 |  586.8 |
               +--------+--------+--------+--------+--------+-----+--------+

Top non-repeatable levels by time:
     D:3: 1067 daAuts
     D:1: 733 daAuts
     D:2: 655 daAuts
     D:4: 383 daAuts
     D:5: 93 daAuts
